[Event "January 2 Early 2024"]
[Site "https://www.chess.com"]
[Date "2024.01.02"]
[Round "1"]
[White "Yashmetov, Mikhail"]
[Black "Sjugirov, Sanan"]
[Result "1-0"]
[Board "24"]
[TimeControl "180+1"]
[WhiteFideId "24198900"]
[BlackFideId "4189302"]
[WhiteElo "2515"]
[BlackElo "3027"]
[WhiteTeam "RUS"]
[BlackTeam "HUN"]
[WhiteClock "0:00:13"]
[BlackClock "0:00:00"]

1. d4 Nf6 2. Nf3 d5 3. g3 c6 4. Bg2 Bf5 5. O-O e6 6. c4 Nbd7 7. Qb3 Qb6 8. c5 Qxb3 9. axb3 a6 10. b4 h6 11. Nc3 Rc8 12. Bf4 Be7 13. Nd2 g5 14. Bd6 Bxd6 15. cxd6 Kd8 16. f3 Bg6 17. e4 dxe4 18. fxe4 e5 19. dxe5 Ng4 20. e6 fxe6 21. Bh3 Ne3 22. Rf3 Nc2 23. Rc1 Nd4 24. Rd3 e5 25. Nc4 Re8 26. Bxd7 Kxd7 27. Nxe5+ Rxe5 28. Rxd4 b5 29. Rf1 Re6 30. Ra1 Ra8 31. Rf1 a5 32. bxa5 Rxa5 33. b4 Ra3 34. Rf3 g4 35. Re3 Ra1+ 36. Kg2 Rxd6 37. Rxd6+ Kxd6 38. e5+ Ke7 39. Ne2 Bf7 40. e6 Be8 41. Nd4 Kf6 42. Re4 Ra2+ 43. Kg1 Ra4 44. Nb3 Bg6 45. Rf4+ Ke7 46. Rxg4 1-0

[Event "January 2 Early 2024"]
[Site "https://www.chess.com"]
[Date "2024.01.02"]
[Round "1"]
[White "Xiong, Jeffery"]
[Black "Goncalves, Davi Sulzbacher"]
[Result "1-0"]
[Board "25"]
[TimeControl "180+1"]
[WhiteFideId "2047640"]
[BlackFideId "2154510"]
[WhiteElo "3024"]
[BlackElo "2515"]
[WhiteTeam "USA"]
[BlackTeam "BRA"]
[WhiteClock "0:01:05"]
[BlackClock "0:00:02"]

1. e4 c5 2. Nf3 Nc6 3. Bb5 g6 4. O-O Bg7 5. Re1 Nf6 6. c3 O-O 7. d4 cxd4 8. cxd4 d5 9. e5 Ne4 10. Bxc6 bxc6 11. Be3 Rb8 12. b3 Qa5 13. Nbd2 f5 14. exf6 exf6 15. Nxe4 dxe4 16. Nd2 f5 17. Nc4 Qd5 18. Bf4 Rb4 19. Be5 Rd8 20. Rc1 Be6 21. Qc2 Bh6 22. Ne3 Bxe3 23. fxe3 Bd7 24. Qb2 Rb5 25. Qa3 Re8 26. Qxa7 Ra5 27. Qc7 Rxa2 28. Rc5 Qf7 29. d5 cxd5 30. Bd4 Rd2 31. Rf1 Qe7 32. Qa5 Qg5 33. Qxd2 1-0

[Event "January 2 Early 2024"]
[Site "https://www.chess.com"]
[Date "2024.01.02"]
[Round "1"]
[White "Kopczynski, Michal"]
[Black "Narayanan S L"]
[Result "0-1"]
[Board "26"]
[TimeControl "180+1"]
[WhiteFideId "1124200"]
[BlackFideId "5058422"]
[WhiteElo "2514"]
[BlackElo "3023"]
[WhiteTeam "POL"]
[BlackTeam "IND"]
[WhiteClock "0:00:00"]
[BlackClock "0:01:25"]

1. e4 g6 2. d4 Nf6 3. Nc3 c6 4. Bg5 d6 5. Qd2 b5 6. f3 Nbd7 7. O-O-O b4 8. Nce2 Qa5 9. Kb1 Nb6 10. Nc1 Na4 11. Bc4 Nc3+ 12. bxc3 bxc3 13. Qe3 Qa3 14. Nd3 Rb8+ 15. Bb3 Be6 16. Bxf6 exf6 17. d5 c5 18. Qc1 Qa5 19. dxe6 c4 20. exf7+ Kxf7 21. Nf4 Bh6 22. Nge2 Rhc8 23. Rxd6 cxb3 24. cxb3 c2+ 25. Ka1 Qe5+ 26. Rd4 Bxf4 27. Qxf4 c1=Q+ 28. Rxc1 Rxc1+ 29. Qxc1 g5 30. Qc4+ Kg6 31. Kb1 Qxh2 32. Qe6 Rb7 33. Qf5+ Kg7 34. Rd7+ Rxd7 35. Qxd7+ Kh6 36. Qf5 Kg7 37. Nd4 Qg1+ 38. Kc2 Qxd4 39. Qc8 h5 40. Qc7+ Kh6 41. Qc4 Qf2+ 42. Kb1 Qxg2 43. Qd4 Qxf3 44. Qxa7 Qxe4+ 45. Kb2 h4 46. Qf2 Qe5+ 47. Kc2 h3 48. a4 h2 49. Qg2 g4 50. a5 g3 51. a6 Qf5+ 52. Kb2 Qf2+ 53. Qxf2 gxf2 54. a7 h1=Q 0-1

[Event "January 2 Early 2024"]
[Site "https://www.chess.com"]
[Date "2024.01.02"]
[Round "1"]
[White "Svane, Frederik"]
[Black "Lehtosaari, Mauri"]
[Result "1-0"]
[Board "27"]
[TimeControl "180+1"]
[WhiteFideId "12923044"]
[BlackFideId "501999"]
[WhiteElo "3021"]
[BlackElo "2514"]
[WhiteTeam "GER"]
[BlackTeam "FIN"]
[WhiteClock "0:00:19"]
[BlackClock "0:00:00"]

1. e4 c6 2. Nf3 d5 3. exd5 cxd5 4. c3 Nf6 5. d4 Nc6 6. Ne5 e6 7. Nd2 Nxe5 8. dxe5 Nd7 9. Nf3 Bc5 10. Bd3 Qc7 11. Qe2 a6 12. O-O Nf8 13. Be3 Ng6 14. a4 O-O 15. h4 Bxe3 16. Qxe3 Ne7 17. h5 h6 18. a5 Bd7 19. Rfe1 Rae8 20. Bc2 f5 21. exf6 Rxf6 22. Ne5 Nf5 23. Bxf5 Rxf5 24. g4 Rf6 25. f3 Ref8 26. Kg2 Be8 27. b4 Qd6 28. Rad1 Qc7 29. Rd4 Ba4 30. Qd2 Be8 31. Kg3 Rxf3+ 32. Kg2 Rf2+ 33. Qxf2 Rxf2+ 34. Kxf2 Qxc3 35. Nf3 Bf7 36. Re3 Qc2+ 37. Kg3 Qc1 38. Re1 Qc7+ 39. Rf4 Qc3 40. Kg2 Qc2+ 41. Kg1 Qc3 42. Kf2 Qc2+ 43. Re2 Qc7 44. Ne5 Be8 45. Re3 Qc2+ 46. Re2 Qc1 47. Nd3 Qc7 48. Rxe6 Bb5 49. Ne5 Qc2+ 50. Kg3 Qc3+ 51. Kg2 Qd2+ 52. Rf2 Qc3 53. Ng6 Kh7 54. Nf8+ Kg8 55. Ng6 Kh7 56. Rf8 Qd2+ 57. Kg3 1-0

[Event "January 2 Early 2024"]
[Site "https://www.chess.com"]
[Date "2024.01.02"]
[Round "1"]
[White "Lopusiewicz, Piotr"]
[Black "Hakobyan, Aram"]
[Result "0-1"]
[Board "28"]
[TimeControl "180+1"]
[WhiteFideId "1116029"]
[BlackFideId "13306677"]
[WhiteElo "2512"]
[BlackElo "3020"]
[WhiteTeam "POL"]
[BlackTeam "ARM"]
[WhiteClock "0:01:48"]
[BlackClock "0:02:08"]

1. d4 Nf6 2. c4 c5 3. d5 g6 4. Nc3 Bg7 5. e4 d6 6. Nf3 O-O 7. Be2 e6 8. O-O exd5 9. exd5 Bg4 10. h3 Bxf3 11. Bxf3 Nbd7 12. Be2 Ne5 13. Re1 Re8 14. Qc2 Nxc4 15. b3 Nb6 16. Bb2 Nfxd5 17. Nxd5 Nxd5 18. Bxg7 Kxg7 19. Rad1 Nf6 20. Qc3 Rc8 21. g4 h6 22. h4 Kg8 23. g5 hxg5 24. hxg5 Ne4 0-1

[Event "January 2 Early 2024"]
[Site "https://www.chess.com"]
[Date "2024.01.02"]
[Round "1"]
[White "Meier, Georg"]
[Black "Manukyan, Artyom"]
[Result "1-0"]
[Board "29"]
[TimeControl "180+1"]
[WhiteFideId "4675789"]
[BlackFideId "13305786"]
[WhiteElo "3018"]
[BlackElo "2511"]
[WhiteTeam "URU"]
[BlackTeam "ARM"]
[WhiteClock "0:02:24"]
[BlackClock "0:01:24"]

1. Nf3 d5 2. g3 e6 3. Bg2 Nf6 4. O-O Be7 5. d4 O-O 6. c4 dxc4 7. Qc2 a6 8. Qxc4 b5 9. Qc2 Bb7 10. Bg5 Nbd7 11. Bxf6 Nxf6 12. Nbd2 Rc8 13. Nb3 c5 14. dxc5 Bxc5 15. Nxc5 Be4 16. Qc3 a5 17. a3 a4 18. Rac1 Nd7 19. Qe3 Nxc5 20. Rxc5 Rxc5 21. Qxc5 1-0

[Event "January 2 Early 2024"]
[Site "https://www.chess.com"]
[Date "2024.01.02"]
[Round "1"]
[White "Tikhonov, Viacheslav"]
[Black "Movahed, Sina"]
[Result "0-1"]
[Board "30"]
[TimeControl "180+1"]
[WhiteFideId "44196407"]
[BlackFideId "42520835"]
[WhiteElo "2511"]
[BlackElo "3012"]
[WhiteTeam "RUS"]
[BlackTeam "IRI"]
[WhiteClock "0:00:04"]
[BlackClock "0:00:34"]

1. e4 c5 2. Nf3 d6 3. Nc3 Nf6 4. e5 dxe5 5. Nxe5 a6 6. g3 Qd6 7. f4 Nc6 8. Nc4 Qc7 9. Bg2 Bg4 10. Bf3 Bh3 11. Ne3 e6 12. Bg2 Bxg2 13. Nxg2 c4 14. Ne3 b5 15. a3 Bc5 16. O-O O-O 17. Qe2 Nd4 18. Qd1 Rad8 19. Kg2 Qc6+ 20. Kh3 e5 21. f5 e4 22. b3 cxb3 23. cxb3 Nf3 24. Qe2 Bxe3 25. Qxe3 Rd3 26. Qf4 h6 27. Ra2 Rfd8 28. Rf2 Ng5+ 29. Kh4 e3 30. dxe3 Rxc3 31. Bb2 Rcd3 32. Bd4 Re8 33. Rac2 Qa8 34. Be5 Rd5 35. Bxf6 gxf6 36. Kh5 Kg7 37. Rc7 Re4 38. Rxf7+ Kxf7 39. Qc7+ Re7 40. Qc3 Kg7 41. Rf4 Rde5 42. Qb4 Rxe3 43. Qd6 Re2 44. h4 Qe8+ 45. Kg4 h5# 0-1

[Event "January 2 Early 2024"]
[Site "https://www.chess.com"]
[Date "2024.01.02"]
[Round "1"]
[White "Bluebaum, Matthias"]
[Black "Shapiro, Viktor"]
[Result "1/2-1/2"]
[Board "31"]
[TimeControl "180+1"]
[WhiteFideId "24651516"]
[BlackFideId "4175700"]
[WhiteElo "3011"]
[BlackElo "2510"]
[WhiteTeam "GER"]
[BlackTeam "RUS"]
[WhiteClock "0:00:06"]
[BlackClock "0:00:33"]

1. d4 Nf6 2. c4 c5 3. d5 e6 4. Nc3 exd5 5. cxd5 d6 6. e4 g6 7. h3 Bg7 8. Nf3 O-O 9. Bd3 b5 10. Nxb5 Nxe4 11. Bxe4 Re8 12. Ng5 Qa5+ 13. Nc3 Bxc3+ 14. bxc3 Qxc3+ 15. Bd2 Qc4 16. Rc1 Rxe4+ 17. Nxe4 Qxe4+ 18. Qe2 Qxe2+ 19. Kxe2 Ba6+ 20. Kf3 Nd7 21. Bf4 Bd3 22. Bxd6 c4 23. Rhe1 Nb6 24. Re5 f6 25. Re7 Nxd5 26. Rb7 Re8 27. Rb8 Rxb8 28. Bxb8 a6 29. Bd6 Kf7 30. Bc5 c3 31. Bd4 c2 32. a3 f5 33. g3 g5 34. Bb2 h5 35. Re1 g4+ 36. hxg4 hxg4+ 37. Kg2 Be4+ 38. Kf1 Nb6 39. Ke2 Nc4 40. Bc1 Ke6 41. f3 gxf3+ 42. Kf2 Kd5 43. Rh1 Ne5 44. Ke3 Nd3 45. Kd2 Kc4 46. Rf1 Nc5 47. Ke3 Nb3 48. Bb2 a5 49. Rg1 Kd5 50. Rf1 a4 51. Rg1 Na5 52. Bc1 Nc4+ 53. Kf2 Kd4 54. g4 fxg4 55. Rxg4 Ne5 56. Bb2+ Kd3 57. Rg8 Nc6 58. Rc8 Kd2 59. Re8 Kd3 60. Rc8 Kd2 61. Re8 Kd3 62. Rc8 1/2-1/2

[Event "January 2 Early 2024"]
[Site "https://www.chess.com"]
[Date "2024.01.02"]
[Round "1"]
[White "Bold, Andre"]
[Black "Le, Tuan Minh"]
[Result "0-1"]
[Board "32"]
[TimeControl "180+1"]
[WhiteFideId "16208471"]
[BlackFideId "12401153"]
[WhiteElo "2508"]
[BlackElo "3010"]
[WhiteTeam "GER"]
[BlackTeam "VIE"]
[WhiteClock "0:00:01"]
[BlackClock "0:00:08"]

1. d4 d5 2. Nf3 Nf6 3. c3 Bf5 4. Bf4 e6 5. e3 Bd6 6. Qb3 Qc8 7. Nbd2 O-O 8. Be2 Nbd7 9. O-O Bxf4 10. exf4 c5 11. c4 Qc7 12. g3 b6 13. Rac1 Rfd8 14. Ne5 cxd4 15. cxd5 Nc5 16. Qd1 Nxd5 17. Nb3 f6 18. Nd3 Qe7 19. Ndxc5 bxc5 20. Rxc5 d3 21. Bf3 Rab8 22. Rc4 Nb6 23. Rc1 Rd7 24. Qd2 Rbd8 25. Rfd1 h6 26. Nc5 Rd4 27. b3 e5 28. fxe5 fxe5 29. Qe3 Nd5 30. Bxd5+ R8xd5 31. Na4 d2 32. Rc3 Bg4 33. f3 Bf5 34. Nb2 Kh7 35. Nc4 Bg6 36. Kf2 Qb4 37. Kg1 e4 38. f4 Rd3 39. Rxd3 Rxd3 40. Qxa7 e3 41. Nxe3 Qe4 42. Kf2 Bh5 43. g4 Qxf4+ 44. Ke2 Bg6 45. Qb6 Qxh2+ 46. Kf3 Qh3+ 47. Kf2 Be4 48. Qe6 Qf3+ 49. Kg1 Qxe3+ 50. Kh2 Qg3# 0-1

[Event "January 2 Early 2024"]
[Site "https://www.chess.com"]
[Date "2024.01.02"]
[Round "1"]
[White "Salem, A.R. Saleh"]
[Black "Estrada Nieto, Julian"]
[Result "1-0"]
[Board "33"]
[TimeControl "180+1"]
[WhiteFideId "9301348"]
[BlackFideId "5101018"]
[WhiteElo "3006"]
[BlackElo "2508"]
[WhiteTeam "UAE"]
[BlackTeam "ESP"]
[WhiteClock "0:00:08"]
[BlackClock "0:00:00"]

1. d4 d5 2. c4 dxc4 3. Nf3 Nf6 4. e3 e6 5. Bxc4 c5 6. O-O a6 7. a4 Nc6 8. Qe2 Be7 9. Rd1 Qc7 10. Nc3 O-O 11. h3 b6 12. d5 exd5 13. Nxd5 Nxd5 14. Bxd5 Bb7 15. e4 Rae8 16. Bd2 Bf6 17. Bc3 Nd4 18. Bxd4 Bxd4 19. Bxb7 Qxb7 20. Nxd4 Rxe4 21. Qf3 cxd4 22. Rxd4 Rfe8 23. Rad1 g6 24. Qc3 Qe7 25. Rxe4 Qxe4 26. b3 a5 27. Rd6 Re6 28. Rd8+ Re8 29. Rd6 Re6 30. Rd1 Re8 31. Qf6 Qe6 32. Qf3 h5 33. Qc3 Qe4 34. Rd6 Re6 35. Rd8+ Re8 36. Rd1 Re6 37. Rc1 Re8 38. Qb2 Rd8 39. Qf6 Re8 40. Qxb6 Qf4 41. Rf1 Rb8 42. Qxa5 Rxb3 43. Qd8+ Kg7 44. a5 Ra3 45. Qd5 Qa4 46. Qe5+ Kg8 47. Rc1 Qd7 48. Rc7 1-0

[Event "January 2 Early 2024"]
[Site "https://www.chess.com"]
[Date "2024.01.02"]
[Round "1"]
[White "Koutlas, Nikolaos"]
[Black "Zemlyanskii, Ivan"]
[Result "0-1"]
[Board "34"]
[TimeControl "180+1"]
[WhiteFideId "25827138"]
[BlackFideId "24249971"]
[WhiteElo "2506"]
[BlackElo "3003"]
[WhiteTeam "GRE"]
[BlackTeam "RUS"]
[WhiteClock "0:00:00"]
[BlackClock "0:00:17"]

1. c4 e6 2. Nf3 d5 3. e3 Nf6 4. Nc3 Bd6 5. b3 O-O 6. Bb2 c6 7. Qc2 Qe7 8. Rc1 Nbd7 9. Be2 a6 10. O-O e5 11. d3 b5 12. cxd5 cxd5 13. a4 b4 14. Nb1 Bb7 15. Nbd2 Rfd8 16. e4 Rac8 17. Qb1 Nc5 18. exd5 Bxd5 19. Rfe1 Nxb3 20. Nxb3 Bxb3 21. Bxe5 Bxa4 22. Rxc8 Rxc8 23. d4 a5 24. Ng5 Bc2 25. Qa1 h6 26. Nf3 a4 27. Ba6 Ra8 28. Bc4 b3 29. Bxd6 Qxd6 30. Ne5 Ra7 31. Nxf7 Qb4 32. Ne5+ Kh7 33. Qc1 a3 0-1

[Event "January 2 Early 2024"]
[Site "https://www.chess.com"]
[Date "2024.01.02"]
[Round "1"]
[White "Pap, Gyula"]
[Black "Pinero Rodriguez, Carlos Jose"]
[Result "1-0"]
[Board "35"]
[TimeControl "180+1"]
[WhiteFideId "725323"]
[BlackFideId "3901726"]
[WhiteElo "3000"]
[BlackElo "2505"]
[WhiteTeam "HUN"]
[BlackTeam "VEN"]
[WhiteClock "0:00:03"]
[BlackClock "0:00:02"]

1. e4 c5 2. Nc3 e6 3. d4 cxd4 4. Qxd4 Nc6 5. Qe3 a6 6. Nf3 Qc7 7. Bd2 d6 8. O-O-O Nf6 9. Qg5 h6 10. Qg3 Ne5 11. Nd4 Bd7 12. f4 Ng6 13. Bd3 O-O-O 14. Rhe1 Nxf4 15. Bxf4 e5 16. Be3 exd4 17. Bxd4 Kb8 18. Kb1 Be6 19. e5 dxe5 20. Bxe5 Bd6 21. Bxd6 Rxd6 22. Qxg7 Rg8 23. Qxh6 Rxg2 24. Re2 Rxe2 25. Bxe2 Rxd1+ 26. Bxd1 Qe5 27. Qd2 b5 28. a3 Nd7 29. Bf3 Nc5 30. Qd8+ Bc8 31. Qb6+ Bb7 32. Bxb7 Nxb7 33. Qxa6 Qxh2 34. Nxb5 Qe5 35. Qa7+ Kc8 36. Qa8+ Qb8 37. Qa6 Qe5 38. Qc6+ Kb8 39. c3 f5 40. a4 f4 41. Nd4 Ka7 42. Qf3 Kb8 43. Nc6+ Kc7 44. Nxe5 Kd6 45. Qxb7 1-0

[Event "January 2 Early 2024"]
[Site "https://www.chess.com"]
[Date "2024.01.02"]
[Round "1"]
[White "Van Roon, Sjoerd"]
[Black "Navara, David"]
[Result "1-0"]
[Board "36"]
[TimeControl "180+1"]
[WhiteFideId "1051075"]
[BlackFideId "309095"]
[WhiteElo "2504"]
[BlackElo "2990"]
[WhiteTeam "NED"]
[BlackTeam "CZE"]
[WhiteClock "0:01:07"]
[BlackClock "0:02:13"]

1. e4 c6 2. d4 d5 3. e5 Bf5 4. Nf3 e6 5. Be2 Ne7 6. Nh4 c5 7. c3 Nbc6 8. Be3 Be4 9. Nd2 cxd4 10. cxd4 Nf5 11. Nxf5 Bxf5 12. O-O Be7 13. g4 Bg6 14. f4 f5 15. exf6 Bf5 16. fxe7 1-0

[Event "January 2 Early 2024"]
[Site "https://www.chess.com"]
[Date "2024.01.02"]
[Round "1"]
[White "Svane, Rasmus"]
[Black "Srdanovic, Jovana"]
[Result "1-0"]
[Board "37"]
[TimeControl "180+1"]
[WhiteFideId "4657101"]
[BlackFideId "954810"]
[WhiteElo "2990"]
[BlackElo "2502"]
[WhiteTeam "GER"]
[BlackTeam "SRB"]
[WhiteClock "0:00:37"]
[BlackClock "0:01:33"]

1. Nf3 d5 2. g3 Nc6 3. d4 Bf5 4. Bg2 Nb4 5. Na3 e6 6. O-O Be7 7. c3 Na6 8. Qb3 Rb8 9. c4 Nf6 10. cxd5 exd5 11. Bf4 O-O 12. Nb5 Ra8 13. Nc3 Qc8 14. Nxd5 Nxd5 15. Qxd5 Nb4 16. Qc4 Be6 17. Qxc7 Qxc7 18. Bxc7 Rac8 19. Ba5 b6 20. Bxb4 Bxb4 21. a3 Bd6 22. Rfc1 Rfd8 23. e3 Kf8 24. Ng5 Bf5 25. Be4 Bxe4 26. Nxe4 Be7 27. g4 f6 28. Kg2 Kf7 29. Kf3 Ke6 30. h3 g6 31. Ng3 f5 32. gxf5+ gxf5 33. Ne2 Bd6 34. Nf4+ Bxf4 35. Kxf4 Rg8 36. f3 h5 37. h4 Kd5 38. Rxc8 Rxc8 39. Rg1 Rc2 40. Rg5 Rxb2 41. Rxf5+ Ke6 42. Rxh5 Ra2 43. Rh6+ Kd5 44. Rh5+ Ke6 45. e4 Rxa3 46. Rh6+ Ke7 47. h5 b5 48. Rc6 b4 49. h6 Kf7 50. Rc7+ Kg8 51. d5 b3 52. Rb7 a5 53. d6 a4 54. d7 Kh7 55. d8=Q+ Kxh6 56. Qg5# 1-0

[Event "January 2 Early 2024"]
[Site "https://www.chess.com"]
[Date "2024.01.02"]
[Round "1"]
[White "Devaev, Alexander"]
[Black "Matlakov, Maxim"]
[Result "1/2-1/2"]
[Board "38"]
[TimeControl "180+1"]
[WhiteFideId "4169395"]
[BlackFideId "4168003"]
[WhiteElo "2501"]
[BlackElo "2985"]
[WhiteTeam "RUS"]
[BlackTeam "RUS"]
[WhiteClock "0:00:06"]
[BlackClock "0:00:12"]

1. d4 d6 2. c4 g6 3. e4 Bg7 4. h3 Nc6 5. Nf3 Nf6 6. Nc3 O-O 7. Bg5 h6 8. Be3 Re8 9. Qd2 Kh7 10. O-O-O a6 11. Kb1 Bd7 12. d5 Na7 13. e5 Bf5+ 14. Bd3 Bxd3+ 15. Qxd3 Nd7 16. e6 fxe6 17. dxe6 Nf8 18. h4 Qc8 19. Nd5 Nc6 20. h5 Qxe6 21. Nxc7 Qf6 22. hxg6+ Kg8 23. Rd2 Nxg6 24. Nxa8 Rxa8 25. Bxh6 Bxh6 26. Rxh6 Kg7 27. Rh3 Rf8 28. Rg3 Rh8 29. Rd1 Rh6 30. a3 Kf8 31. Nd4 Nce5 32. Qe4 Rh4 33. Qxb7 Qxf2 34. Qc8+ Kf7 35. Qe6+ Ke8 36. Rxg6 Nxg6 37. Qxg6+ Kd8 38. Qg8+ Kc7 39. Qe6 Rxd4 40. Qxe7+ Kc6 41. Qe8+ Kc7 42. Qe7+ Kc6 43. Rxd4 Qxd4 44. Qe8+ Kc7 45. Qf7+ Kb6 46. Qd5 Qf4 47. Ka2 Kc7 48. Qf3 Qxc4+ 49. Qb3 Qg4 50. Qc3+ Kd7 51. g3 d5 52. Qd3 d4 53. Qxa6 Qe4 54. Qc4 Qe3 55. Qd5+ Kc7 56. Qc5+ Kb7 57. Qd5+ Kc7 58. Qc5+ Kb7 59. g4 Qe6+ 60. Kb1 Qxg4 61. Qb4+ Kc6 62. Qc4+ Kd6 63. Kc2 Qe4+ 64. Qd3 Qc6+ 65. Kd2 Ke5 66. b3 Qh6+ 67. Kc2 Qc6+ 68. Kd1 Qh1+ 69. Kd2 Qh6+ 70. Kc2 Qh2+ 71. Kd1 Qg1+ 72. Kd2 Qa1 73. Qe2+ Kd6 74. Qa6+ Kd5 75. Qc4+ Ke5 76. Qc5+ Kf4 77. Qf8+ Ke4 78. Qe8+ Kd5 79. Qf7+ Ke5 80. Qg7+ Kd5 81. Qd7+ Ke5 82. Qe7+ Kd5 83. Qf7+ Ke5 84. Qe7+ Kd5 85. Qf7+ 1/2-1/2

[Event "January 2 Early 2024"]
[Site "https://www.chess.com"]
[Date "2024.01.02"]
[Round "1"]
[White "Kramnik, Vladimir"]
[Black "Lebedev, Artem S."]
[Result "1-0"]
[Board "39"]
[TimeControl "180+1"]
[WhiteFideId "4101588"]
[BlackFideId "34272747"]
[WhiteElo "2985"]
[BlackElo "2500"]
[WhiteTeam "RUS"]
[BlackTeam "RUS"]
[WhiteClock "0:00:26"]
[BlackClock "0:00:03"]

1. e4 e5 2. Nf3 Nc6 3. Bc4 Bc5 4. d3 Nf6 5. Nc3 d6 6. Na4 Bb6 7. c3 h6 8. h3 Qe7 9. b4 Be6 10. Bxe6 fxe6 11. O-O O-O 12. Re1 Nh5 13. Nxb6 axb6 14. b5 Nb8 15. Nxe5 Qf6 16. Ng4 Qxc3 17. Bxh6 Nd7 18. Rc1 Qb2 19. Rxc7 Ne5 20. Bc1 Qxa2 21. Be3 Nf4 22. Nxe5 dxe5 23. Qg4 Rf7 24. Rxf7 Kxf7 25. Bxf4 exf4 26. Qxf4+ Kg8 27. Qe3 Qa5 28. Rb1 Rc8 29. Qd4 Qa2 30. Rf1 Qa5 31. Qd7 Rc2 32. Qxe6+ Kh7 33. Qf5+ Kh8 34. Qh5+ Kg8 35. d4 Qd2 36. Qd5+ Kh7 37. Qf5+ Kh8 38. d5 Qd3 39. g3 Qxb5 40. e5 Qxd5 41. Qxc2 1-0

[Event "January 2 Early 2024"]
[Site "https://www.chess.com"]
[Date "2024.01.02"]
[Round "1"]
[White "Ronka, Erik"]
[Black "Pranesh M"]
[Result "0-1"]
[Board "40"]
[TimeControl "180+1"]
[WhiteFideId "505080"]
[BlackFideId "35028600"]
[WhiteElo "2500"]
[BlackElo "2979"]
[WhiteTeam "FIN"]
[BlackTeam "IND"]
[WhiteClock "0:00:00"]
[BlackClock "0:00:23"]

1. e4 c5 2. Nf3 Nf6 3. Nc3 Nc6 4. d4 cxd4 5. Nxd4 e6 6. Ndb5 Bc5 7. Bf4 O-O 8. Bc7 Qe7 9. Bd6 Bxd6 10. Qxd6 Qd8 11. O-O-O a6 12. Nd4 Nxd4 13. Qxd4 Ne8 14. f4 d6 15. h4 b5 16. e5 d5 17. g4 f6 18. Bg2 Bb7 19. Rhe1 Nc7 20. h5 Rf7 21. h6 fxe5 22. Rxe5 Qf6 23. Ne2 Qxh6 24. g5 Qg6 25. Bh3 Raf8 26. Bg4 h5 27. Bf3 Rf5 28. Re3 e5 29. Rxe5 Ne6 30. Qb6 Rxe5 31. fxe5 Rxf3 32. Qxb7 Rf2 33. Re1 Qxg5+ 34. Kb1 Qd2 0-1

[Event "January 2 Early 2024"]
[Site "https://www.chess.com"]
[Date "2024.01.02"]
[Round "1"]
[White "Vokhidov, Shamsiddin"]
[Black "Bressy, Theo"]
[Result "1-0"]
[Board "41"]
[TimeControl "180+1"]
[WhiteFideId "14204223"]
[BlackFideId "26022842"]
[WhiteElo "2975"]
[BlackElo "2500"]
[WhiteTeam "UZB"]
[BlackTeam "FRA"]
[WhiteClock "0:01:33"]
[BlackClock "0:00:00"]

1. d4 d5 2. c4 c6 3. Nf3 Nf6 4. Nc3 dxc4 5. a4 Bf5 6. Nh4 Bd7 7. e3 b5 8. Be2 e6 9. O-O Be7 10. Nf3 O-O 11. Ne5 Be8 12. axb5 cxb5 13. b3 b4 14. bxc4 a5 15. Bf3 Ra7 16. Nb5 Bxb5 17. cxb5 Qb6 18. Qe2 Nfd7 19. Nc6 Nxc6 20. Bxc6 Nf6 21. Bd2 a4 22. Qc4 Nd5 23. e4 Nc7 24. Bxb4 Bxb4 25. Qxb4 a3 26. d5 exd5 27. exd5 a2 28. Rfe1 Rd8 29. Qe7 Ne6 30. Qh4 Nd4 31. Qe4 h6 32. h3 Nb3 33. Qc2 Nxa1 34. Rxa1 Qa5 35. g3 g6 36. h4 h5 37. Qb2 Qa4 38. b6 Ra5 39. Bxa4 1-0

[Event "January 2 Early 2024"]
[Site "https://www.chess.com"]
[Date "2024.01.02"]
[Round "1"]
[White "Tao, Sihan"]
[Black "Harsha Bharathakoti"]
[Result "1/2-1/2"]
[Board "42"]
[TimeControl "180+1"]
[WhiteFideId "30982677"]
[BlackFideId "5078776"]
[WhiteElo "2500"]
[BlackElo "2974"]
[WhiteTeam "USA"]
[BlackTeam "IND"]
[WhiteClock "0:00:35"]
[BlackClock "0:01:21"]

1. e4 e5 2. Nf3 Nc6 3. Bc4 Nf6 4. d3 h6 5. Nc3 d6 6. Be3 g6 7. h3 Bg7 8. Qd2 Qe7 9. O-O-O Na5 10. Kb1 Nxc4 11. dxc4 Be6 12. Qd3 b6 13. Nd5 Nxd5 14. cxd5 Bd7 15. Nd2 a5 16. f3 O-O 17. g4 b5 18. h4 b4 19. h5 g5 20. Nf1 Rfb8 21. Ng3 Bb5 22. Nf5 Qd7 23. Qd2 f6 24. Rc1 Rb7 25. c4 bxc3 26. Qxc3 Bf8 27. Rh2 a4 28. Rhc2 Rab8 29. Ka1 Kh7 30. Qxc7 Rxc7 31. Rxc7 Rb7 32. Rxd7+ Bxd7 33. Rc3 Kg8 34. b3 Kf7 35. Kb2 Ke8 36. Rc4 axb3 37. axb3 Bb5 38. Rc8+ Kf7 39. Rc2 Bd3 40. Rd2 Bc4 41. Kc3 Bb5 42. Ra2 Rc7+ 43. Kd2 Ke8 44. Ra8+ Kf7 45. Ra7 Rxa7 46. Bxa7 Ke8 47. Bb8 Kd7 48. Ke3 Ba6 49. b4 Bb5 50. Ba7 Kc7 51. Kf2 Kb7 52. Be3 Bc4 53. Ke1 Ka6 54. Kd2 Bb5 55. Ke1 Bc4 56. Ng3 Kb5 57. Nf5 Ka6 1/2-1/2

[Event "January 2 Early 2024"]
[Site "https://www.chess.com"]
[Date "2024.01.02"]
[Round "1"]
[White "Alekseenko, Kirill"]
[Black "Soham Kamotra"]
[Result "1-0"]
[Board "43"]
[TimeControl "180+1"]
[WhiteFideId "4135539"]
[BlackFideId "46647490"]
[WhiteElo "2958"]
[BlackElo "2500"]
[WhiteTeam "AUT"]
[BlackTeam "IND"]
[WhiteClock "0:00:21"]
[BlackClock "0:00:07"]

1. e4 c6 2. Nf3 d5 3. d3 g6 4. Nc3 Bg7 5. e5 d4 6. Ne4 Bxe5 7. Nxe5 Qa5+ 8. Bd2 Qxe5 9. Be2 Nf6 10. O-O Nxe4 11. dxe4 Qxe4 12. Re1 Qd5 13. Bh6 Bf5 14. Bf3 Qd6 15. Bg7 Rg8 16. Be5 Qb4 17. c3 dxc3 18. Bxc3 Qc5 19. Re5 Qb6 20. Qe2 Be6 21. Bg4 Nd7 22. Rxe6 fxe6 23. Qxe6 O-O-O 24. Rd1 Rgf8 25. Qe2 Qb5 26. Qxe7 c5 27. Rxd7 Rxd7 28. Qxf8+ Kc7 29. Bxd7 Kxd7 30. Qf7+ Kc6 31. Qe6+ Kc7 32. Be5+ Kd8 33. Qg8+ Kd7 34. Qf7+ Kc6 35. Qe8+ Kb6 36. Qxb5+ Kxb5 37. f4 Kc4 38. Kf2 Kd3 39. Kf3 b5 40. g4 c4 41. f5 gxf5 42. gxf5 b4 43. f6 c3 44. bxc3 bxc3 45. Bxc3 a5 46. f7 a4 47. f8=Q a3 48. Qxa3 h5 49. Be5+ Kc2 50. Qb2+ Kd1 51. Ke3 h4 52. Qb1# 1-0

[Event "January 2 Early 2024"]
[Site "https://www.chess.com"]
[Date "2024.01.02"]
[Round "1"]
[White "Sidletskyi, Ivan"]
[Black "Rasulov, Vugar"]
[Result "0-1"]
[Board "44"]
[TimeControl "180+1"]
[WhiteFideId "14156024"]
[BlackFideId "13402390"]
[WhiteElo "2500"]
[BlackElo "2956"]
[WhiteTeam "UKR"]
[BlackTeam "AZE"]
[WhiteClock "0:00:02"]
[BlackClock "0:00:49"]

1. e4 e5 2. Nf3 Nc6 3. Bc4 Nf6 4. Ng5 d5 5. exd5 Na5 6. Bb5+ c6 7. dxc6 bxc6 8. Bd3 h6 9. Ne4 Nd5 10. O-O Nf4 11. Be2 Be7 12. d3 Nxe2+ 13. Qxe2 O-O 14. Nbc3 c5 15. Ng3 Nc6 16. f4 Nd4 17. Qf2 exf4 18. Bxf4 Be6 19. Rae1 Qd7 20. Be5 Nc6 21. Bf4 Rae8 22. Nge4 Nd4 23. Be5 f5 24. Ng3 Nc6 25. Bf4 Bf6 26. Kh1 Bd4 27. Qd2 Kh7 28. Nge2 Bf6 29. Bg3 c4 30. Nf4 Bf7 31. Rxe8 Rxe8 32. Re1 Rd8 33. Qe2 Nd4 34. Qf2 cxd3 35. Nxd3 Nxc2 36. Qxc2 Qxd3 37. Qf2 a5 38. h3 Bd4 39. Qf4 Bf6 40. Rd1 Qc2 41. Rxd8 Bxd8 42. Qe5 Bf6 43. Qxa5 Qxb2 44. Qxf5+ Bg6 45. Qf3 Qxc3 46. Qxc3 Bxc3 47. a4 Bc2 48. Kh2 Bxa4 49. Bf2 Bc6 0-1